2852 views
Uploaded 2020-02-11 21:10:47
Game version 1.32 / 1.32.1
26:21 long 3on3 ladder game on (6)TimbermawHold
Saved by BEARAND
2852 views
Uploaded 2020-02-11 21:10:47
Game version 1.32 / 1.32.1
26:21 long 3on3 ladder game on (6)TimbermawHold


102 units @ 9.4k
/ 1.1k
285 buildings @ 16.7k
/ 8.1k



| Staff of Sanctuary | 3 | 750 |
| Staff of Teleportation | 3 | 450 |
| Boots of Speed | 3 | 750 |
| Periapt of Vitality | 1 | 325 |
| Healing Salve | 4 | 400 |
| Orb of Lightning | 2 | 750 |
| total: | 16 | 3425g |
| Peasant | 17 | 1275 | / | 0 |
| Dragonhawk Rider | 1 | 200 | / | 30 |
| Priest | 1 | 135 | / | 10 |
| total: | 19 | 1610g | / | 40w |
| Scout Tower | 228 | 6840 | / | 4560 |
| Arcane Tower | 6 | 420 | / | 300 |
| Guard Tower | 87 | 6090 | / | 4350 |
| Altar of Kings | 1 | 180 | / | 50 |
| Farm | 5 | 400 | / | 100 |
| Lumber Mill | 1 | 120 | / | 0 |
| Town Hall | 2 | 770 | / | 410 |
| Arcane Vault | 5 | 650 | / | 150 |
| Blacksmith | 1 | 140 | / | 60 |
| Barracks | 1 | 160 | / | 60 |
| Arcane Sanctum | 1 | 150 | / | 140 |
| Gryphon Aviary | 1 | 140 | / | 150 |
| Keep | 1 | 320 | / | 210 |
| Castle | 1 | 360 | / | 210 |
| total: | 246 | 9550g | / | 5680w |
| 0:03 | Peasant |
| 0:03 | Peasant |
| 0:09 | Altar of Kings |
| 0:12 | Peasant |
| 0:19 | Farm |
| 0:20 | Peasant |
| 0:28 | Peasant |
| 0:38 | Peasant |
| 0:42 | Farm |
| 0:50 | Lumber Mill |
| 1:10 | Scout Tower |
| 1:12 | Peasant |
| 1:29 | Scout Tower |
| 1:32 | Peasant |
| 1:38 | Arcane Tower |
| 1:40 | Scout Tower |
| 1:43 | Scout Tower |
| 1:49 | Scout Tower |
| 1:51 | Peasant |
| 1:51 | Peasant |
| 1:51 | Peasant |
| 1:52 | Peasant |
| 1:52 | Peasant |
| 2:13 | Arcane Tower |
| 2:15 | Scout Tower |
| 2:18 | Guard Tower |
| 2:20 | Guard Tower |
| 2:24 | Blizzard |
| 2:30 | Guard Tower |
| 3:13 | Scout Tower |
| 3:14 | Scout Tower |
| 3:16 | Improved Masonry |
| 3:19 | Guard Tower |
| 3:21 | Scout Tower |
| 3:21 | Scout Tower |
| 3:22 | Scout Tower |
| 3:23 | Scout Tower |
| 3:24 | Scout Tower |
| 3:24 | Scout Tower |
| 3:26 | Scout Tower |
| 3:28 | Scout Tower |
| 3:30 | Scout Tower |
| 3:31 | Scout Tower |
| 3:47 | Guard Tower |
| 3:48 | Guard Tower |
| 4:13 | Guard Tower |
| 4:46 | Keep |
| 4:48 | Guard Tower |
| 4:50 | Scout Tower |
| 4:50 | Scout Tower |
| 4:51 | Scout Tower |
| 4:51 | Scout Tower |
| 4:53 | Guard Tower |
| 4:53 | Guard Tower |
| 4:54 | Scout Tower |
| 4:55 | Scout Tower |
| 4:57 | Town Hall |
| 5:04 | Scout Tower |
| 5:05 | Scout Tower |
| 5:06 | Scout Tower |
| 5:06 | Scout Tower |
| 5:07 | Scout Tower |
| 5:07 | Scout Tower |
| 5:08 | Scout Tower |
| 5:08 | Scout Tower |
| 5:24 | Farm |
| 5:24 | Farm |
| 5:47 | Guard Tower |
| 5:51 | Scout Tower |
| 5:51 | Scout Tower |
| 5:51 | Scout Tower |
| 5:52 | Scout Tower |
| 5:53 | Scout Tower |
| 5:55 | Arcane Tower |
| 5:55 | Guard Tower |
| 5:56 | Brilliance Aura |
| 6:09 | Guard Tower |
| 6:09 | Guard Tower |
| 6:26 | Guard Tower |
| 6:33 | Scout Tower |
| 6:33 | Scout Tower |
| 6:43 | Staff of Teleportation |
| 6:43 | Boots of Speed |
| 6:53 | Guard Tower |
| 6:55 | Guard Tower |
| 7:34 | Guard Tower |
| 7:38 | Guard Tower |
| 7:47 | Healing Salve |
| 7:55 | Peasant |
| 7:55 | Peasant |
| 8:01 | Scout Tower |
| 8:02 | Guard Tower |
| 8:12 | Guard Tower |
| 8:12 | Peasant |
| 8:15 | Scout Tower |
| 8:16 | Scout Tower |
| 8:16 | Scout Tower |
| 8:17 | Scout Tower |
| 8:17 | Scout Tower |
| 8:29 | Guard Tower |
| 9:00 | Guard Tower |
| 9:01 | Guard Tower |
| 9:10 | Castle |
| 9:15 | Healing Salve |
| 9:21 | Guard Tower |
| 9:22 | Guard Tower |
| 9:56 | Storm Bolt |
| 10:10 | Guard Tower |
| 10:10 | Guard Tower |
| 10:12 | Scout Tower |
| 10:12 | Scout Tower |
| 10:13 | Scout Tower |
| 10:13 | Scout Tower |
| 10:14 | Scout Tower |
| 10:14 | Scout Tower |
| 10:33 | Peasant |
| 10:37 | Boots of Speed |
| 10:37 | Periapt of Vitality |
| 11:08 | Guard Tower |
| 11:35 | Advanced Masonry |
| 11:37 | Scout Tower |
| 11:37 | Scout Tower |
| 11:37 | Scout Tower |
| 11:38 | Scout Tower |
| 11:38 | Scout Tower |
| 12:02 | Healing Salve |
| 12:03 | Orb of Lightning |
| 12:18 | Guard Tower |
| 12:20 | Arcane Vault |
| 12:23 | Arcane Vault |
| 12:27 | Scout Tower |
| 12:28 | Scout Tower |
| 12:28 | Scout Tower |
| 12:28 | Scout Tower |
| 12:30 | Holy Light |
| 12:31 | Orb of Lightning |
| 12:31 | Healing Salve |
| 12:36 | Arcane Vault |
| 12:37 | Arcane Vault |
| 12:41 | Scout Tower |
| 12:42 | Scout Tower |
| 12:42 | Scout Tower |
| 12:43 | Scout Tower |
| 12:43 | Scout Tower |
| 12:43 | Scout Tower |
| 12:47 | Arcane Sanctum |
| 12:49 | Improved Lumber Harvesting |
| 13:00 | Arcane Vault |
| 13:12 | Guard Tower |
| 13:16 | Guard Tower |
| 13:18 | Gryphon Aviary |
| 13:19 | Blacksmith |
| 13:22 | Barracks |
| 13:22 | Guard Tower |
| 13:31 | Scout Tower |
| 13:32 | Scout Tower |
| 13:33 | Scout Tower |
| 13:33 | Scout Tower |
| 13:34 | Scout Tower |
| 13:34 | Scout Tower |
| 13:51 | Blizzard |
| 13:58 | Arcane Tower |
| 13:58 | Guard Tower |
| 14:00 | Bash |
| 14:12 | Guard Tower |
| 14:15 | Farm |
| 14:36 | Guard Tower |
| 14:37 | Guard Tower |
| 14:57 | Scout Tower |
| 14:57 | Scout Tower |
| 14:58 | Scout Tower |
| 14:58 | Scout Tower |
| 14:59 | Scout Tower |
| 14:59 | Scout Tower |
| 15:00 | Scout Tower |
| 15:00 | Scout Tower |
| 15:02 | Staff of Sanctuary |
| 15:09 | Staff of Sanctuary |
| 15:13 | Scout Tower |
| 15:13 | Scout Tower |
| 15:14 | Scout Tower |
| 15:14 | Scout Tower |
| 15:15 | Scout Tower |
| 15:15 | Scout Tower |
| 15:15 | Scout Tower |
| 15:16 | Scout Tower |
| 15:16 | Scout Tower |
| 15:16 | Scout Tower |
| 15:17 | Scout Tower |
| 15:17 | Scout Tower |
| 15:18 | Scout Tower |
| 15:18 | Scout Tower |
| 15:18 | Scout Tower |
| 15:19 | Scout Tower |
| 15:20 | Scout Tower |
| 15:20 | Scout Tower |
| 15:21 | Scout Tower |
| 15:21 | Scout Tower |
| 15:21 | Scout Tower |
| 15:21 | Scout Tower |
| 15:22 | Scout Tower |
| 15:34 | Scout Tower |
| 15:35 | Scout Tower |
| 15:35 | Scout Tower |
| 15:36 | Scout Tower |
| 15:36 | Scout Tower |
| 15:36 | Scout Tower |
| 15:37 | Scout Tower |
| 15:38 | Scout Tower |
| 15:38 | Scout Tower |
| 15:47 | Boots of Speed |
| 15:57 | Guard Tower |
| 16:09 | Dragonhawk Rider |
| 16:20 | Scout Tower |
| 16:20 | Scout Tower |
| 16:21 | Scout Tower |
| 16:21 | Scout Tower |
| 16:29 | Staff of Teleportation |
| 17:02 | Guard Tower |
| 17:08 | Scout Tower |
| 17:08 | Scout Tower |
| 17:13 | Scout Tower |
| 17:13 | Scout Tower |
| 17:21 | Staff of Sanctuary |
| 17:29 | Divine Shield |
| 17:55 | Guard Tower |
| 17:58 | Guard Tower |
| 18:08 | Priest |
| 18:08 | Magic Sentry |
| 18:20 | Guard Tower |
| 18:29 | Scout Tower |
| 18:29 | Scout Tower |
| 18:29 | Scout Tower |
| 18:30 | Scout Tower |
| 18:30 | Scout Tower |
| 18:31 | Scout Tower |
| 18:31 | Scout Tower |
| 18:31 | Scout Tower |
| 18:32 | Scout Tower |
| 18:32 | Scout Tower |
| 18:32 | Scout Tower |
| 18:33 | Scout Tower |
| 18:33 | Scout Tower |
| 18:33 | Scout Tower |
| 18:40 | Brilliance Aura |
| 18:45 | Guard Tower |
| 18:47 | Scout Tower |
| 18:48 | Scout Tower |
| 18:48 | Scout Tower |
| 18:48 | Scout Tower |
| 18:49 | Scout Tower |
| 18:49 | Scout Tower |
| 18:49 | Scout Tower |
| 18:49 | Scout Tower |
| 18:51 | Guard Tower |
| 18:56 | Scout Tower |
| 18:57 | Scout Tower |
| 18:58 | Scout Tower |
| 18:58 | Scout Tower |
| 18:58 | Scout Tower |
| 18:58 | Scout Tower |
| 18:58 | Scout Tower |
| 18:59 | Scout Tower |
| 18:59 | Scout Tower |
| 19:04 | Storm Bolt |
| 19:13 | Scout Tower |
| 19:13 | Scout Tower |
| 19:14 | Scout Tower |
| 19:14 | Scout Tower |
| 19:14 | Scout Tower |
| 19:15 | Scout Tower |
| 19:15 | Scout Tower |
| 19:17 | Scout Tower |
| 19:17 | Scout Tower |
| 19:17 | Scout Tower |
| 19:58 | Guard Tower |
| 19:59 | Guard Tower |
| 20:02 | Scout Tower |
| 20:03 | Scout Tower |
| 20:03 | Scout Tower |
| 20:03 | Scout Tower |
| 20:04 | Scout Tower |
| 20:04 | Scout Tower |
| 20:04 | Scout Tower |
| 20:05 | Scout Tower |
| 20:05 | Scout Tower |
| 20:05 | Scout Tower |
| 20:36 | Staff of Teleportation |
| 21:19 | Guard Tower |
| 21:29 | Guard Tower |
| 21:32 | Guard Tower |
| 21:38 | Guard Tower |
| 21:45 | Scout Tower |
| 21:45 | Scout Tower |
| 21:46 | Scout Tower |
| 21:46 | Scout Tower |
| 21:47 | Scout Tower |
| 21:50 | Scout Tower |
| 21:50 | Scout Tower |
| 21:51 | Scout Tower |
| 21:51 | Scout Tower |
| 21:51 | Scout Tower |
| 21:51 | Scout Tower |
| 21:51 | Scout Tower |
| 21:52 | Scout Tower |
| 21:52 | Scout Tower |
| 21:52 | Scout Tower |
| 21:52 | Scout Tower |
| 21:52 | Scout Tower |
| 21:52 | Scout Tower |
| 21:52 | Scout Tower |
| 21:52 | Scout Tower |
| 21:53 | Scout Tower |
| 21:53 | Scout Tower |
| 21:53 | Scout Tower |
| 21:53 | Scout Tower |
| 21:53 | Scout Tower |
| 21:53 | Scout Tower |
| 21:53 | Scout Tower |
| 21:53 | Scout Tower |
| 21:54 | Scout Tower |
| 21:54 | Scout Tower |
| 21:54 | Scout Tower |
| 22:17 | Guard Tower |
| 22:22 | Guard Tower |
| 22:32 | Town Hall |
| 22:50 | Guard Tower |
| 22:58 | Imbued Masonry |
| 23:07 | Guard Tower |
| 23:35 | Holy Light |
| 24:43 | Bash |
| 24:56 | Guard Tower |
| 25:10 | Scout Tower |
| 25:10 | Scout Tower |
| 25:10 | Scout Tower |
| 25:10 | Scout Tower |
| 25:11 | Scout Tower |
| 25:11 | Scout Tower |
| 25:11 | Scout Tower |
| 25:11 | Scout Tower |
| 25:11 | Scout Tower |
| 25:11 | Scout Tower |
| 25:12 | Scout Tower |
| 25:12 | Scout Tower |
| 25:14 | Scout Tower |
| 25:15 | Scout Tower |
| 25:15 | Scout Tower |
| 25:15 | Scout Tower |
| 25:15 | Scout Tower |
| 25:15 | Scout Tower |
| 25:15 | Scout Tower |
| 25:15 | Scout Tower |
| 25:16 | Scout Tower |
| 25:16 | Scout Tower |
| 25:16 | Scout Tower |
| 25:16 | Scout Tower |
| 25:16 | Scout Tower |
| 25:16 | Scout Tower |
| Right click | 2410 |
| Select | 737 |
| Select group | 321 |
| Build/train/purchase | 225 |
| Chat | 113 |
| Use ability | 98 |
| Misc. action | 12 |
| Assign group | 11 |
| Item give/drop | 5 |
| Minimap ping | 1 |



| Orb of Venom | 1 | 325 |
| Potion of Healing | 1 | 150 |
| Staff of Teleportation | 3 | 450 |
| Boots of Speed | 3 | 750 |
| Circlet of Nobility | 6 | 1050 |
| Periapt of Vitality | 2 | 650 |
| Healing Salve | 1 | 100 |
| Staff of Sanctuary | 3 | 750 |
| total: | 20 | 4225g |
| Wisp | 46 | 2760 | / | 0 |
| total: | 46 | 2760g | / | 0w |
| Altar of Elders | 1 | 180 | / | 50 |
| Moon Well | 17 | 3060 | / | 680 |
| Tree of Life | 5 | 1700 | / | 925 |
| Ancient of Wonders | 5 | 450 | / | 150 |
| Hunter's Hall | 1 | 210 | / | 100 |
| Ancient of Wind | 1 | 150 | / | 140 |
| Tree of Ages | 1 | 320 | / | 180 |
| Tree of Eternity | 2 | 660 | / | 400 |
| total: | 30 | 5750g | / | 2045w |
| 0:03 | Wisp |
| 0:03 | Wisp |
| 0:04 | Altar of Elders |
| 0:06 | Moon Well |
| 0:19 | Wisp |
| 0:19 | Wisp |
| 0:32 | Wisp |
| 0:50 | Moon Well |
| 1:02 | Wisp |
| 1:14 | Wisp |
| 1:23 | Wisp |
| 1:44 | Wisp |
| 1:44 | Wisp |
| 1:45 | Wisp |
| 2:13 | Wisp |
| 2:13 | Wisp |
| 2:14 | Wisp |
| 2:15 | Entangling Roots |
| 2:32 | Wisp |
| 2:32 | Wisp |
| 3:08 | Wisp |
| 3:08 | Wisp |
| 3:08 | Wisp |
| 3:42 | Staff of Teleportation |
| 3:43 | Boots of Speed |
| 3:43 | Circlet of Nobility |
| 4:35 | Tree of Ages |
| 5:16 | Moon Well |
| 5:18 | Moon Well |
| 5:51 | Thorns Aura |
| 5:56 | Tree of Life |
| 6:05 | Circlet of Nobility |
| 7:13 | Tree of Eternity |
| 7:53 | Ancient of Wonders |
| 7:59 | Trueshot Aura |
| 8:14 | Wisp |
| 8:15 | Wisp |
| 8:15 | Wisp |
| 8:15 | Wisp |
| 8:16 | Wisp |
| 9:34 | Staff of Teleportation |
| 9:34 | Boots of Speed |
| 9:34 | Circlet of Nobility |
| 9:41 | Wisp |
| 9:42 | Wisp |
| 9:42 | Wisp |
| 9:43 | Wisp |
| 9:57 | Hunter's Hall |
| 10:01 | Moon Well |
| 10:02 | Moon Well |
| 10:04 | Moon Well |
| 10:04 | Moon Well |
| 10:07 | Entangling Roots |
| 10:32 | Frost Arrows |
| 10:45 | Ancient of Wonders |
| 10:48 | Ancient of Wonders |
| 10:48 | Ancient of Wonders |
| 11:19 | Searing Arrows |
| 11:28 | Well Spring |
| 11:29 | Ultravision |
| 11:32 | Moon Well |
| 11:35 | Moon Well |
| 11:36 | Moon Well |
| 11:37 | Moon Well |
| 11:39 | Moon Well |
| 12:07 | Orb of Venom |
| 12:14 | Healing Salve |
| 12:21 | Moon Well |
| 12:27 | Strength of the Wild |
| 12:28 | Reinforced Hides |
| 12:30 | Ancient of Wind |
| 12:54 | Moon Well |
| 13:50 | Ancient of Wonders |
| 13:55 | Tree of Life |
| 14:03 | Tree of Life |
| 14:58 | Staff of Teleportation |
| 14:58 | Boots of Speed |
| 15:00 | Circlet of Nobility |
| 15:18 | Periapt of Vitality |
| 15:23 | Tree of Life |
| 15:47 | Wisp |
| 15:47 | Wisp |
| 15:47 | Wisp |
| 15:48 | Wisp |
| 15:48 | Wisp |
| 15:48 | Wisp |
| 15:49 | Wisp |
| 15:57 | Staff of Sanctuary |
| 16:31 | Mana Shield |
| 17:06 | Moon Well |
| 17:08 | Moon Well |
| 17:16 | Potion of Healing |
| 17:22 | Tree of Life |
| 17:24 | Wisp |
| 17:24 | Wisp |
| 17:24 | Wisp |
| 17:25 | Wisp |
| 17:25 | Wisp |
| 17:28 | Wisp |
| 17:28 | Wisp |
| 17:28 | Wisp |
| 17:28 | Wisp |
| 17:29 | Wisp |
| 18:04 | Staff of Sanctuary |
| 18:35 | Wisp |
| 18:37 | Improved Strength of the Wild |
| 18:37 | Improved Reinforced Hides |
| 19:02 | Staff of Sanctuary |
| 19:48 | Periapt of Vitality |
| 19:50 | Circlet of Nobility |
| 19:56 | Circlet of Nobility |
| 20:44 | Thorns Aura |
| 21:09 | Trueshot Aura |
| 21:45 | Nature's Blessing |
| 23:34 | Frost Arrows |
| 25:49 | Searing Arrows |
| Right click | 1477 |
| Select group | 935 |
| Select | 216 |
| Build/train/purchase | 191 |
| Resource trade | 156 |
| Use ability | 110 |
| Minimap ping | 57 |
| Chat | 56 |
| Misc. action | 41 |
| Item give/drop | 11 |
| Esc | 8 |
| Assign group | 5 |

| Healing Salve | 4 | 400 |
| Lesser Clarity Potion | 4 | 280 |
| Scroll of Speed | 1 | 50 |
| Orb of Lightning | 1 | 375 |
| Boots of Speed | 1 | 250 |
| Staff of Teleportation | 1 | 150 |
| Potion of Lesser Invulnerability | 3 | 450 |
| Circlet of Nobility | 1 | 175 |
| total: | 16 | 2130g |
| Peon | 10 | 750 | / | 0 |
| Troll Batrider | 27 | 4320 | / | 1080 |
| total: | 37 | 5070g | / | 1080w |
| Altar of Storms | 1 | 180 | / | 50 |
| Orc Burrow | 4 | 640 | / | 160 |
| Voodoo Lounge | 2 | 260 | / | 60 |
| War Mill | 1 | 205 | / | 0 |
| Beastiary | 1 | 145 | / | 140 |
| Stronghold | 2 | 630 | / | 380 |
| Fortress | 3 | 975 | / | 570 |
| total: | 9 | 1430g | / | 410w |
| 0:02 | Peon |
| 0:03 | Altar of Storms |
| 0:07 | Peon |
| 0:19 | Orc Burrow |
| 0:23 | Peon |
| 0:38 | Voodoo Lounge |
| 0:42 | Peon |
| 0:58 | Voodoo Lounge |
| 1:01 | Peon |
| 1:13 | Peon |
| 1:21 | War Mill |
| 1:27 | Peon |
| 1:39 | Peon |
| 1:47 | Peon |
| 1:59 | Peon |
| 2:08 | Wind Walk |
| 2:14 | Healing Salve |
| 2:14 | Healing Salve |
| 2:17 | Lesser Clarity Potion |
| 2:17 | Lesser Clarity Potion |
| 2:17 | Scroll of Speed |
| 3:07 | Stronghold |
| 4:43 | Orc Burrow |
| 4:53 | Boots of Speed |
| 5:28 | Steel Ranged Weapons |
| 5:31 | Beastiary |
| 5:51 | Fortress |
| 6:07 | Healing Salve |
| 6:07 | Healing Salve |
| 6:07 | Lesser Clarity Potion |
| 6:07 | Lesser Clarity Potion |
| 6:52 | Troll Batrider |
| 7:05 | Orc Burrow |
| 7:31 | Troll Batrider |
| 8:02 | Troll Batrider |
| 8:05 | Orc Burrow |
| 8:12 | Critical Strike |
| 8:57 | Staff of Teleportation |
| 9:16 | Orb of Lightning |
| 9:22 | Liquid Fire |
| 9:23 | Troll Batrider |
| 9:32 | Troll Batrider |
| 9:37 | Thorium Ranged Weapons |
| 9:37 | Arcanite Ranged Weapons |
| 10:45 | Troll Batrider |
| 11:09 | Troll Batrider |
| 11:30 | Troll Batrider |
| 12:00 | Wind Walk |
| 12:34 | Troll Batrider |
| 12:34 | Troll Batrider |
| 12:53 | Potion of Lesser Invulnerability |
| 13:00 | Troll Batrider |
| 13:35 | Troll Batrider |
| 14:55 | Troll Batrider |
| 14:56 | Troll Batrider |
| 15:01 | Steel Armor |
| 16:24 | Troll Batrider |
| 16:24 | Troll Batrider |
| 16:24 | Troll Batrider |
| 17:10 | Troll Batrider |
| 17:10 | Troll Batrider |
| 17:10 | Troll Batrider |
| 17:36 | Critical Strike |
| 17:58 | Troll Batrider |
| 19:49 | Critical Strike |
| 20:17 | Potion of Lesser Invulnerability |
| 20:21 | Troll Batrider |
| 20:21 | Troll Batrider |
| 20:21 | Troll Batrider |
| 20:22 | Troll Batrider |
| 21:49 | Troll Batrider |
| 21:49 | Troll Batrider |
| 22:43 | Potion of Lesser Invulnerability |
| 22:43 | Circlet of Nobility |
| 24:43 | Bladestorm |
| Right click | 1598 |
| Assign group | 1034 |
| Select group | 265 |
| Chat | 128 |
| Select | 126 |
| Build/train/purchase | 119 |
| Use ability | 73 |
| Resource trade | 66 |
| Item give/drop | 1 |
| Minimap ping | 1 |
118 units @ 16.2k
/ 1.9k
51 buildings @ 7.1k
/ 2.8k


| Peasant | 21 | 1575 | / | 0 |
| Rifleman | 26 | 5330 | / | 780 |
| Archer | 4 | 520 | / | 40 |
| total: | 51 | 7425g | / | 820w |
| Scout Tower | 5 | 150 | / | 100 |
| Guard Tower | 5 | 350 | / | 250 |
| Farm | 12 | 960 | / | 240 |
| Altar of Kings | 1 | 180 | / | 50 |
| Blacksmith | 1 | 140 | / | 60 |
| Barracks | 2 | 320 | / | 120 |
| Lumber Mill | 1 | 120 | / | 0 |
| Keep | 1 | 320 | / | 210 |
| total: | 22 | 1870g | / | 570w |
| 0:04 | Peasant |
| 0:04 | Peasant |
| 0:04 | Peasant |
| 0:05 | Peasant |
| 0:05 | Peasant |
| 0:11 | Farm |
| 1:16 | Altar of Kings |
| 1:26 | Blacksmith |
| 1:33 | Barracks |
| 1:36 | Peasant |
| 1:51 | Farm |
| 1:52 | Farm |
| 1:53 | Peasant |
| 1:54 | Peasant |
| 2:05 | Barracks |
| 3:25 | Rifleman |
| 3:25 | Rifleman |
| 3:28 | Peasant |
| 3:34 | Farm |
| 3:43 | Farm |
| 3:44 | Rifleman |
| 3:45 | Rifleman |
| 4:29 | Divine Shield |
| 4:33 | Keep |
| 4:54 | Rifleman |
| 4:56 | Rifleman |
| 5:41 | Black Gunpowder |
| 5:44 | Holy Light |
| 6:10 | Rifleman |
| 6:11 | Rifleman |
| 6:15 | Farm |
| 6:58 | Long Rifles |
| 7:46 | Farm |
| 7:55 | Storm Bolt |
| 8:07 | Farm |
| 8:08 | Refined Gunpowder |
| 8:10 | Farm |
| 9:12 | Rifleman |
| 9:13 | Rifleman |
| 9:23 | Studded Leather Armor |
| 10:02 | Scout Tower |
| 10:04 | Scout Tower |
| 10:07 | Scout Tower |
| 10:15 | Lumber Mill |
| 10:59 | Peasant |
| 10:59 | Peasant |
| 11:20 | Peasant |
| 11:21 | Peasant |
| 12:16 | Peasant |
| 12:17 | Peasant |
| 12:17 | Peasant |
| 13:02 | Guard Tower |
| 13:14 | Guard Tower |
| 13:20 | Peasant |
| 13:47 | Guard Tower |
| 13:49 | Improved Lumber Harvesting |
| 13:52 | Peasant |
| 13:52 | Peasant |
| 14:11 | Scout Tower |
| 14:13 | Peasant |
| 14:17 | Scout Tower |
| 14:57 | Farm |
| 15:01 | Farm |
| 15:02 | Guard Tower |
| 15:03 | Guard Tower |
| 15:06 | Peasant |
| 15:32 | Reinforced Leather Armor |
| 15:37 | Farm |
| 16:39 | Holy Light |
| 16:50 | Thunder Clap |
| 17:25 | Rifleman |
| 17:26 | Rifleman |
| 18:26 | Rifleman |
| 18:26 | Rifleman |
| 19:02 | Rifleman |
| 19:03 | Rifleman |
| 21:30 | Archer |
| 21:30 | Archer |
| 21:31 | Archer |
| 21:31 | Archer |
| 21:49 | Rifleman |
| 21:50 | Rifleman |
| 22:55 | Rifleman |
| 22:55 | Rifleman |
| 23:43 | Rifleman |
| 23:44 | Rifleman |
| 24:15 | Rifleman |
| 24:16 | Rifleman |
| 24:58 | Rifleman |
| 24:58 | Rifleman |
| Right click | 523 |
| Select | 412 |
| Build/train/purchase | 88 |
| Use ability | 25 |
| Minimap ping | 7 |
| Misc. action | 3 |
| Remove unit | 1 |

| Scroll of Town Portal | 1 | 350 |
| total: | 1 | 350g |
| Wisp | 10 | 600 | / | 0 |
| Archer | 12 | 1560 | / | 120 |
| Huntress | 4 | 780 | / | 80 |
| Glaive Thrower | 3 | 630 | / | 195 |
| total: | 29 | 3570g | / | 395w |
| Moon Well | 7 | 1260 | / | 280 |
| Altar of Elders | 1 | 180 | / | 50 |
| Ancient of War | 2 | 300 | / | 120 |
| Hunter's Hall | 1 | 210 | / | 100 |
| Tree of Ages | 1 | 320 | / | 180 |
| Tree of Eternity | 1 | 330 | / | 200 |
| total: | 11 | 1950g | / | 550w |
| 0:02 | Wisp |
| 0:02 | Wisp |
| 0:06 | Moon Well |
| 0:09 | Altar of Elders |
| 0:25 | Wisp |
| 0:38 | Ancient of War |
| 0:47 | Wisp |
| 0:50 | Wisp |
| 0:59 | Wisp |
| 1:28 | Wisp |
| 1:32 | Moon Well |
| 1:41 | Archer |
| 1:44 | Archer |
| 1:59 | Moon Well |
| 2:11 | Archer |
| 2:37 | Entangling Roots |
| 2:40 | Archer |
| 3:07 | Archer |
| 3:21 | Archer |
| 3:58 | Archer |
| 4:10 | Hunter's Hall |
| 4:14 | Moon Well |
| 4:22 | Archer |
| 4:44 | Archer |
| 4:55 | Archer |
| 5:10 | Tree of Ages |
| 5:32 | Moon Armor |
| 5:33 | Strength of the Moon |
| 5:42 | Archer |
| 6:19 | Archer |
| 6:29 | Ancient of War |
| 7:42 | Wisp |
| 7:50 | Moon Glaive |
| 7:51 | Huntress |
| 7:55 | Improved Moon Armor |
| 8:06 | Moon Well |
| 8:10 | Moon Well |
| 8:42 | Huntress |
| 9:46 | Force of Nature |
| 9:54 | Huntress |
| 9:58 | Advanced Moon Armor |
| 10:03 | Moon Well |
| 10:42 | Wisp |
| 10:43 | Wisp |
| 10:46 | Huntress |
| 11:41 | Glaive Thrower |
| 12:07 | Glaive Thrower |
| 13:09 | Glaive Thrower |
| 13:38 | Scroll of Town Portal |
| 15:10 | Improved Strength of the Moon |
| 15:12 | Tree of Eternity |
| 17:00 | Force of Nature |
| Right click | 270 |
| Select | 221 |
| Chat | 158 |
| Build/train/purchase | 50 |
| Misc. action | 21 |
| Use ability | 11 |
| Assign group | 3 |
| Select group | 2 |


| Wisp | 18 | 1080 | / | 0 |
| Archer | 12 | 1560 | / | 120 |
| Chimaera | 7 | 2310 | / | 490 |
| Glaive Thrower | 1 | 210 | / | 65 |
| total: | 38 | 5160g | / | 675w |
| Ancient Protector | 2 | 270 | / | 160 |
| Moon Well | 6 | 1080 | / | 240 |
| Altar of Elders | 1 | 180 | / | 50 |
| Ancient of War | 1 | 150 | / | 60 |
| Hunter's Hall | 1 | 210 | / | 100 |
| Ancient of Wonders | 1 | 90 | / | 30 |
| Tree of Life | 2 | 680 | / | 370 |
| Ancient of Wind | 1 | 150 | / | 140 |
| Ancient of Lore | 1 | 155 | / | 145 |
| Chimaera Roost | 2 | 280 | / | 380 |
| Tree of Ages | 1 | 320 | / | 180 |
| Tree of Eternity | 1 | 330 | / | 200 |
| total: | 18 | 3245g | / | 1675w |
| 0:05 | Wisp |
| 0:05 | Wisp |
| 0:05 | Wisp |
| 0:05 | Wisp |
| 0:05 | Wisp |
| 0:46 | Moon Well |
| 0:51 | Altar of Elders |
| 0:53 | Ancient of War |
| 1:02 | Wisp |
| 1:02 | Wisp |
| 1:02 | Wisp |
| 1:25 | Moon Well |
| 1:26 | Moon Well |
| 1:27 | Moon Well |
| 1:34 | Wisp |
| 1:34 | Wisp |
| 1:57 | Archer |
| 2:12 | Archer |
| 2:30 | Archer |
| 2:36 | Wisp |
| 2:48 | Archer |
| 3:01 | Scout |
| 3:27 | Archer |
| 3:33 | Wisp |
| 3:33 | Wisp |
| 3:36 | Wisp |
| 3:50 | Archer |
| 4:04 | Archer |
| 4:26 | Hunter's Hall |
| 4:54 | Tree of Ages |
| 5:10 | Archer |
| 5:43 | Trueshot Aura |
| 5:52 | Strength of the Moon |
| 5:53 | Moon Armor |
| 5:53 | Ultravision |
| 5:55 | Archer |
| 6:17 | Strength of the Wild |
| 6:18 | Reinforced Hides |
| 7:18 | Moon Well |
| 7:19 | Moon Well |
| 7:24 | Improved Bows |
| 7:49 | Ancient of Wonders |
| 8:05 | Improved Moon Armor |
| 8:38 | Entangling Roots |
| 9:17 | Tree of Eternity |
| 9:18 | Archer |
| 9:18 | Archer |
| 9:22 | Improved Strength of the Moon |
| 9:23 | Improved Reinforced Hides |
| 9:39 | Ancient of Wind |
| 10:13 | Ancient of Lore |
| 10:32 | Ancient Protector |
| 10:33 | Ancient Protector |
| 11:32 | Tree of Life |
| 11:36 | Improved Strength of the Wild |
| 11:45 | Chimaera Roost |
| 11:47 | Chimaera Roost |
| 12:32 | Trueshot Aura |
| 12:38 | Force of Nature |
| 13:12 | Chimaera |
| 13:13 | Chimaera |
| 13:32 | Wisp |
| 13:32 | Wisp |
| 13:32 | Wisp |
| 13:32 | Wisp |
| 13:45 | Nature's Blessing |
| 13:49 | Backpack |
| 14:13 | Corrosive Breath |
| 14:56 | Chimaera |
| 15:11 | Advanced Reinforced Hides |
| 17:14 | Chimaera |
| 17:14 | Chimaera |
| 18:24 | Glaive Thrower |
| 18:24 | Vorpal Blades |
| 18:25 | Advanced Strength of the Moon |
| 18:26 | Advanced Moon Armor |
| 18:26 | Advanced Strength of the Wild |
| 18:27 | Well Spring |
| 18:34 | Chimaera |
| 18:53 | Tree of Life |
| 19:35 | Entangling Roots |
| 19:57 | Chimaera |
| 21:59 | Searing Arrows |
| 22:34 | Archer |
| Right click | 597 |
| Select | 430 |
| Build/train/purchase | 88 |
| Misc. action | 29 |
| Use ability | 24 |
| Minimap ping | 16 |
| Resource trade | 16 |
| Item give/drop | 2 |
| Remove unit | 1 |
⇛